AoeStats
← 沒起房子我日

Arena

509242141Analyzed
4v4 RM · 6d ago on Sep 26, 2026· 35m 42s· 8 players
Game mode
Random Map
Map size
Large (8 player)
Population
200
Speed
Normal
Resources
Standard
Victory
Conquest
Starting age
Dark Age
Ending age
Imperial Age
RankedLock teamsTeams togetherTeam positionsShared explorationLock speedFull tech treeHidden civsTurbo modeCheats
Victory
Defeat
🇧🇷 Bohemians · Brazil
1760
+9
🇧🇷 Cumans · Brazil
1743
+10
🇧🇷 Varangians · Brazil
1565
+17
🇧🇷 Dravidians · Brazil
1448
+22
🇨🇳 Danes · China
1702
-19
🇦🇺 Italians · Australia
1598
-15
🇹🇼 Malay · Taiwan
1542
-12
🇲🇽 Varangians · Mexico
1535
-12
eimer6174
CoterLee
10:24 Feudal Age
9:23 Loom
15:15 Castle Age
16:13 Stone Mining
沒起房子我日
半半年没打了
GAX | toooasty
4:52 Loom
27:08 Feudal Age
28:21 Double-Bit Axe
Fs.Diablo
8:30 Feudal Age
8:58 Loom
10:10 Double-Bit Axe
10:06 Horse Collar
15:56 Wheelbarrow
17:42 Castle Age
18:29 Scale Barding Armor
18:35 Forging
18:48 Bow Saw
19:38 Bloodlines
22:31 Chain Barding Armor
22:20 Gold Mining
27:22 Imperial Age
25:18 Hand Cart
26:14 Iron Casting
28:21 Gold Shaft Mining
27:28 Cavalier
28:44 Plate Barding Armor
28:21 Town Watch
29:37 Spies/Treason
32:18 Paladin
34:00 Blast Furnace
35:50 Chemistry
35:01 Masonry
35:12 Ballistics
35:59 Heavy Plow
37:01 Two-Man Saw
GAX | Nuno
9:17 Feudal Age
11:42 Loom
14:14 Castle Age
12:18 Double-Bit Axe
13:47 Horse Collar
22:37 Wheelbarrow
21:56 Gold Mining
21:57 Stone Mining
28:25 Town Watch
34:26 Forging
Fs.TARTARUGA VELOZ
10:15 Feudal Age
10:45 Double-Bit Axe
10:40 Horse Collar
12:26 Wheelbarrow
30:10 Castle Age
29:07 Town Watch
30:16 Loom
30:16 Town Watch
31:26 Coinage
32:50 Fervor
33:02 Hand Cart
37:41 Imperial Age
36:21 Bow Saw
36:12 Heavy Plow
Connection lost

Rejoining the realm…

Still unreachable

The connection could not be restored.

Session expired

The server has moved on; the page needs a fresh start.